 Dungeon Crawl Stone Soup version 0.27.1-4-g1640c2035a (webtiles) character file.

Game seed: 15261693303457164587

57 bearlyready the Sneak (level 4, -4/44 HPs)
             Began as an Ogre Brigand on Nov 15, 2021.
             Slain by a goblin (5 damage)
             ... led by Robin
             ... on level 3 of the Dungeon.
             The game lasted 00:03:39 (2055 turns).

bearlyready the Sneak (Ogre Brigand)                Turns: 2055, Time: 00:03:40

Health: -4/44      AC:  4    Str: 16    XL:     4   Next: 0%
Magic:  4/4        EV:  9    Int: 12    God:
Gold:   53         SH:  0    Dex: 10    Spells: 3/3 levels left

rFire    . . .     SeeInvis .   f - +0 club
rCold    . . .     Faith    .   (no shield)
rNeg     . . .     Spirit   .   b - +0 robe
rPois    .         Reflect  .   (helmet restricted)
rElec    .         Harm     .   c - +0 cloak
rCorr    .         Rampage  .   (gloves unavailable)
Will     .....                  (boots unavailable)
Stlth    ++........             (no amulet)
HPRegen  0.14/turn              (no ring)
MPRegen  0.09/turn              (no ring)

@: brilliant, lethally poisoned (-4 -> -10)
A: large, unfitting armour, tough skin 1
a: no special abilities


You were on level 3 of the Dungeon.
You visited 1 branch of the dungeon, and saw 3 of its levels.

You collected 53 gold pieces.

Inventory:

Hand Weapons
 f - a +0 club (weapon)
Missiles
 d - 5 poisoned darts (quivered)
 e - 2 curare-tipped darts
 i - 43 stones
Armour
 b - a +0 robe (worn)
 c - a +0 cloak (worn)
Scrolls
 a - 2 scrolls of identify
 j - a scroll of fog
Potions
 g - a potion of attraction
 k - a potion of brilliance


   Skills:
 - Level 2.6 Fighting
 - Level 1.7 Short Blades
 + Level 3.0 Maces & Flails
 - Level 2.0 Throwing
 - Level 0.8 Dodging
 - Level 3.0 Stealth


You had 3 spell levels left.
You didn't know any spells.
Your spell library was empty.

Dungeon Overview and Level Annotations

Branches:
Dungeon (3/15)

Altars:

Annotations:
D:3 Robin


Innate Abilities, Weirdness & Mutations

You are too large for most types of armour.
You have tough skin. (AC +1)


Message History

Robin roars a battlecry!
The goblins go into a battle-frenzy!
You hear an angry hiss.
You have reached level 4!
As you read the scroll labelled KYNIACS HYKUA, it crumbles to dust.
It is a scroll of amnesia.
You feel forgetful for a moment. The goblin hits you but does no damage.
The kobold hits you with a +0 dagger. The hobgoblin hits you.
* * * LOW HITPOINT WARNING * * *
Robin roars a battlecry!
The goblin goes into a battle-frenzy!
The goblin hits you with a +0 club.
* * * LOW HITPOINT WARNING * * *
The goblin is pulled toward you!
Unknown command.
Unknown command.
It was a potion of ambrosia.
You are confused.
You feel invigorated. The goblin hits you with a +0 dagger.
* * * LOW HITPOINT WARNING * * *
The kobold closely misses you. The hobgoblin barely misses you.
The goblin barely misses you. The adder is pulled toward you!
It was a potion of cancellation.
Your magical effects are unravelling.
You feel magically purged.
You feel less invigorated.
You feel less confused. The goblin hits you but does no damage.
The kobold hits you but does no damage. The hobgoblin hits you.
* * * LOW HITPOINT WARNING * * *
Robin hits you from afar with a +0 spear of venom.
* * * LOW HITPOINT WARNING * * *
You are lethally poisoned!
The goblin hits you with a +0 club.
* * * LOW HITPOINT WARNING * * *
You feel less attractive to monsters.
It was a potion of brilliance.
You feel clever all of a sudden.
* * * LOW HITPOINT WARNING * * *
You feel sick. The goblin hits you with a +0 dagger.
You die...

#####.... #......>.. ..
#......... #######..
#........ .........
#........ #........
#.....# ...S.....
#....###########ggg....#
...............ggKg.....
#.....### #@# .g.
#.....# #####g#.....
#....#######............
###.....................
#.................#...
#.................# #.
###....#..........#
#....#............
#....#....####.....


You could see Robin, an adder, 4 hobgoblins, 2 goblins and a kobold.

Vanquished Creatures
  2 adders (D:2)
  A worm (D:2)
  A dart slug (D:2)
  An orc (D:2)
  4 ball pythons (D:2)
  A bat (D:2)
  3 endoplasms
  2 giant cockroaches (D:2)
  6 goblins
  3 hobgoblins (D:2)
  2 quokkas
  A frilled lizard (D:2)
  2 kobolds
  2 rats (D:2)
31 creatures vanquished.

Vanquished Creatures (others)
  4 withered plants (D:2)
4 creatures vanquished.

Grand Total: 35 creatures vanquished

Notes
Turn   | Place    | Note
-------+----------+-------------------------------------------
     0 | D:1      | bearlyready the Ogre Brigand began the quest for the Orb.
     0 | D:1      | Reached XP level 1. HP: 22/22 MP: 1/1
   448 | D:1      | Reached skill level 1 in Maces & Flails
   509 | D:1      | Reached XP level 2. HP: 29/29 MP: 2/2
   946 | D:2      | Reached XP level 3. HP: 36/36 MP: 3/3
  1217 | D:2      | Found a faded altar of an unknown god.
  2040 | D:3      | Noticed Robin
  2052 | D:3      | Reached XP level 4. HP: 17/44 MP: 4/4
  2055 | D:3      | HP: 1/44 [poisoned by Robin]
  2055 | D:3      | Slain by a goblin

Illustrated notes

Levels and vault maps discovered:
D:1:      sevenhm_arrival_forest_fort_large_4, layout_rooms
D:2:      layout_basic, ebering_ecumenical_altar_petrified,
          kennysheep_generic_room_3
D:3:      layout_basic, serial_shops, shop, uniq_ijyb, uniq_robin

Skill      XL: |  1  2  3 |
---------------+----------+-----
Stealth        | 3 |  3.0
Maces & Flails | 1 2 3 |  3.0
Fighting       | |  2.6
Short Blades   | |  1.7
Throwing       | |  2.0
Dodging        | |  0.8

Action                   |  1- 3 |  4- 6 || total
-------------------------+-------+-------++-------
Melee: Club              |   123 |       ||   123
       Dagger            |     1 |       ||     1
Throw: Dart              |    35 |       ||    35
  Use: Potion            |     1 |     3 ||     4
       Scroll            |     1 |     1 ||     2
 Stab: Sleeping          |     2 |       ||     2
Armor: Robe              |    60 |     3 ||    63
Dodge: Dodged            |    82 |     3 ||    85
